 Dungeon Crawl Stone Soup version 0.24.0-2-g5b39cebb1c (webtiles) character file.

Game seed: 16589476790972006856, levelgen mode: deterministic

140 Banto the Ruffian (level 5, -14/40 HPs)
             Began as a Draconian Transmuter on Oct 30, 2019.
             Demolished by Menkaure (20 damage)
             ... on level 4 of the Dungeon.
             The game lasted 00:03:56 (2930 turns).

Banto the Ruffian (Draconian Transmuter)            Turns: 2930, Time: 00:03:57

Health: -14/40     AC:  8    Str: 12    XL:     5   Next: 2%
Magic:  9/9        EV: 12    Int: 15    God:
Gold:   203        SH:  0    Dex: 14    Spells: 0/10 levels left

rFire    . . .     SeeInvis .     - Unarmed
rCold    . . .     Gourm    .   (no shield)
rNeg     . . .     Faith    .   (armour unavailable)
rPois    .         Spirit   .   (helmet restricted)
rElec    .         Reflect  .   (no cloak)
rCorr    .         Harm     .   f - +2 pair of gloves
MR       .....                  (no boots)
Stlth    +.........             (no amulet)
HPRegen  0.13/turn              b - +3 ring of dexterity
MPRegen  0.11/turn              (no ring)

@: appendage (expiring)
A: unfitting armour, horns 2, cold-blooded, AC +5
a: End Transformation


You were on level 4 of the Dungeon.
You were not hungry.
You had grown temporary horns.
You visited 1 branch of the dungeon, and saw 4 of its levels.

You collected 203 gold pieces.

Inventory:

Missiles
 a - 73 arrows
Armour
 f - a +2 pair of gloves (worn)
Jewellery
 b - a +3 ring of dexterity (left hand)
Wands
 k - a wand of random effects (11)
Scrolls
 j - a scroll of fog
Potions
 d - a potion of degeneration {unknown}
 e - 2 potions of ambrosia {unknown}
 g - a potion of mutation {unknown}
 h - 4 potions of curing
 i - a potion of brilliance {unknown}
Comestibles
 c - 2 rations


   Skills:
 - Level 1.1 Fighting
 - Level 1.7 Dodging
 + Level 4.2 Unarmed Combat
 - Level 3.0 Spellcasting
 + Level 3.5 Transmutations


You couldn't memorise any spells.
You knew the following spells:

 Your Spells              Type           Power        Failure   Level  Hunger
a - Beastly Appendage     Tmut           ##....       4%          1    #......
b - Sticks to Snakes      Tmut           ##......     7%          2    ##.....
c - Spider Form           Tmut/Pois      #.........   28%         3    ###....
d - Ice Form              Ice/Tmut       #.......     67%         4    #####..

Your spell library contained the following spells:

 Spells                   Type           Power        Failure   Level  Hunger
 Blade Hands              Tmut           ##........   78%         5    ######.


Dungeon Overview and Level Annotations

Branches:
Dungeon (4/15)
 Temple: D:4-7

Altars:
Nemelex Xobeh

Annotations:
D:4 Menkaure


Innate Abilities, Weirdness & Mutations

Your plain brown scales are hard. (AC +5)
You cannot fit into any form of body armour.
You are cold-blooded and may be slowed by cold attacks.
You have a pair of horns on your head.


Message History

Menkaure closely misses you.
You hit Menkaure.
Menkaure is moderately damaged.
Menkaure closely misses you.
You punch Menkaure!
Menkaure is heavily damaged.
Menkaure hits you. Menkaure misses you.
You hit Menkaure but do no damage.
Menkaure is heavily damaged.
Menkaure barely misses you.
You hit Menkaure.
Menkaure is severely damaged.
Your transformation is almost over.
Menkaure hits you!
* * * LOW HITPOINT WARNING * * *
You hit Menkaure but do no damage.
Menkaure is severely damaged.
Menkaure hits you!!
Ouch! That really hurt!
You die...

##. #.. #######.#
#.......# #........
#.....M.# ...
#.......# ##...
#.......######## .....
#........M@....##....#
##.#...#####.......#
#. ....%.
###..#.##.##...
..##...............>.#
.
#..#..####...).#####.
#..#.................
#... #####.##.#.####
#.##.#.# .. #.# .


You could see Menkaure.

Vanquished Creatures
  Robin (D:2)
  2 adders (D:2)
  3 oozes
  2 dart slugs
  3 leopard geckos
  An orc (D:3)
  17 goblins
  15 hobgoblins
  8 jackals
  2 quokkas
  A ball python (D:1)
  12 bats
  3 frilled lizards
  3 kobolds
  9 rats
82 creatures vanquished.

Notes
Turn   | Place    | Note
-------+----------+-------------------------------------------
     0 | D:1      | Banto the Draconian Transmuter began the quest for the Orb.
     0 | D:1      | Reached XP level 1. HP: 16/16 MP: 3/3
    88 | D:1      | Reached XP level 2. HP: 19/23 MP: 5/5
   719 | D:1      | Learned a level 2 spell: Sticks to Snakes
   926 | D:1      | Reached XP level 3. HP: 23/28 MP: 6/6
  1172 | D:2      | Learned a level 3 spell: Spider Form
  1259 | D:2      | Found a sparkling altar of Nemelex Xobeh.
  1444 | D:2      | Reached XP level 4. HP: 33/35 MP: 4/8
  1445 | D:2      | Noticed Robin
  1525 | D:2      | Killed Robin
  1997 | D:2      | Reached skill level 4 in Unarmed Combat
  2737 | D:3      | Reached XP level 5. HP: 39/40 MP: 9/9
  2873 | D:3      | Learned a level 4 spell: Ice Form
  2915 | D:4      | Noticed Menkaure
  2930 | D:4      | Demolished by Menkaure

Levels and vault maps discovered:
D:1:      dpeg_arrival_pits, layout_loops_corners, minmay_fountain_box
D:2:      wander_river, layout_basic, lemuel_doored_altar, first_ration,
          uniq_robin
D:3:      layout_rooms
D:4:      layout_rooms, uniq_ijyb, uniq_crazy_yiuf_cottage, uniq_menkaure

Skill      XL: |  1  2  3  4 |
---------------+-------------+-----
Transmutations | 3 |  3.5
Spellcasting   | 3 |  3.0
Unarmed Combat | 4 |  4.2
Fighting       | |  1.1
Dodging        | |  1.7

Action                   |  1- 3 |  4- 6 || total
-------------------------+-------+-------++-------
Melee: Unarmed           |   164 |   173 ||   337
       Tailslap          |    12 |     9 ||    21
       Punch             |     3 |       ||     3
       Headbutt          |       |     2 ||     2
 Cast: Spider Form       |     1 |     2 ||     3
       Beastly Appendage |       |     1 ||     1
Evoke: Wand              |       |     1 ||     1
  Use: Scroll            |       |     7 ||     7
  Eat: Chunk             |     2 |     5 ||     7
Armor: Skin              |    75 |    76 ||   151
Dodge: Dodged            |   126 |   171 ||   297
